 Dungeon Crawl Stone Soup version 0.18.1-50-g88ac8fd (console) character file.

8325 Kloppie the Impaler (level 11, 0/130 HPs)
             Began as a Merfolk Berserker on Oct 12, 2016.
             Was a High Priest of Trog.
             Engulfed by a cloud of freezing vapour (15 damage)
             ... in an ice cave.
             The game lasted 00:17:05 (9544 turns).

Kloppie the Impaler (Merfolk Berserker)             Turns: 9544, Time: 00:17:06

Health: 0/130      AC: 13    Str: 26    XL:     11   Next: 29%
Magic:  11/11      EV: 18    Int:  6    God:    Trog [*****.]
Gold:   92         SH:  0    Dex: 18    Spells: 0 memorised, 10 levels left

rFire  . . .     SeeInvis .     b - +1 glaive (chop)
rCold  . . .     Gourm    .     y - +0 scale mail
rNeg   . . .     Faith    .     (shield currently unavailable)
rPois  .         Spirit   .     v - +2 helmet
rElec  .         Dismiss  .     r - +1 cloak
rCorr  .         Reflect  .     A - +0 pair of gloves
SustAt .         Harm     .     (no boots)
MR     .....                    (no amulet)
Stlth  ..........               (no ring)
                                C - +4 ring of strength

@: berserking (expiring), very quick, not resistant to hostile enchantments,
extremely unstealthy
A: change form in water, swift swim
a: Berserk, Trog's Hand, Brothers in Arms, Burn Spellbooks, Renounce Religion


You were in an ice cave.
You worshipped Trog.
Trog was extremely pleased with you.
You were not hungry.

You visited 2 branches of the dungeon, and saw 10 of its levels.
You also visited: Sewer and Ice Cave.

You collected 378 gold pieces.
You spent 286 gold pieces at shops.

Inventory:

Hand Weapons
 a - a +3 trident
 b - a +1 glaive of chopping (weapon)
Armour
 r - a +1 cloak (worn)
 v - a +2 helmet (worn)
 y - a +0 scale mail (worn)
 A - a +0 pair of gloves (worn)
Jewellery
 d - a +5 ring of dexterity {unknown}
 C - a +4 ring of strength (left hand)
 I - a cursed ring of teleportation {unknown}
 L - an uncursed amulet of regeneration {unknown}
Wands
 o - a wand of polymorph (12/24)
 z - a wand of slowing (32/48)
 M - a wand of random effects (12/48)
Scrolls
 e - a scroll of blinking
 k - 6 scrolls of remove curse
 l - a scroll of enchant armour
 n - 5 scrolls of identify
 w - 2 scrolls of teleportation
Potions
 f - a potion of heal wounds
 i - a potion of agility
 j - 4 potions of curing
 p - a potion of magic
 q - 2 potions of flight
 t - 4 potions of haste
 x - a potion of cure mutation
 D - 2 potions of might
 E - a potion of ambrosia
 G - a potion of lignification
Comestibles
 c - 5 bread rations
 g - 2 chunks of flesh
 h - a meat ration
 m - 4 fruits
 J - 3 beef jerkies
 N - a slice of pizza


   Skills:
 + Level 8.5 Fighting
 + Level 16.5 Polearms
 - Level 4.6 Armour
 - Level 10.7 Dodging


You had 10 spell levels left.
You didn't know any spells.

Dungeon Overview and Level Annotations

Branches:
Dungeon (9/15)             Temple (0/1) D:5            Lair (1/8) D:9
    Orc (0/2) D:9

Altars:
Ashenzari
Dithmenos
Elyvilon
Fedhas
Gozag
Kikubaaqudgha
Nemelex Xobeh
Okawaru
Pakellas
Qazlal
Ru
Beogh

Shops:
D:4 *   D:5 !   D:9 %(


Message History

You feel a strong urge to attack something.
You see here a polar bear corpse.
You butcher the polar bear corpse.
You enjoyed that.
You are engulfed in freezing vapours.
* * * LOW HITPOINT WARNING * * *
You see here 6 chunks of flesh.
You feel a strong urge to attack something.
You are engulfed in freezing vapours.
* * * LOW HITPOINT WARNING * * *
Attack whom?
Press: ? - help, Dir - move target cursor, f - wolf
Aim: a wolf You reach to attack!
You slice the wolf!!
You feel the power of Trog in you as your rage grows.
You kill the wolf!
Trog accepts your kill.
You are engulfed in freezing vapours.
* * * LOW HITPOINT WARNING * * *
You are engulfed in freezing vapours.
You die...

#.÷÷##
##...#
#...##
##..#
##.##
#..##
##§.##
##§§##
#§@§§#
#.#§§##
##§§##
#.†##
#...
#..#
#.. ##.
##


There were no monsters in sight!

Vanquished Creatures
  Erolcha (D:9)
  Pikel (D:5)
  A hill giant (D:9)
  Prince Ribbit (D:6)
  2 polar bears (IceCv)
  Grinder (D:3)
  Sigmund (D:3)
  3 yaks (IceCv)
  A vampire (D:9)
  A hungry ghost (D:7)
  Edmund (D:6)
  7 orc warriors
  A slave (D:5)
  2 black bears (D:6)
  The ghost of Nukefarmer the Sneak, an amateur NaAs (D:3)
  An ice beast (D:5)
  A sky beast (D:7)
  2 wolves (IceCv)
  4 ogres
  3 centaurs
  A crocodile (D:9)
  Blork the orc (D:5)
  A wyvern zombie (D:9)
  7 giant frogs
  2 scorpions
  7 killer bees (D:7)
  3 vampire bats (D:7)
  3 crimson imps
  2 jellies (D:7)
  A quasit (D:6)
  Crazy Yiuf (D:2)
  10 hounds
  7 orc wizards
  A centaur skeleton (D:5)
  6 orc priests
  Jessica (D:3)
  2 giant frog skeletons
  3 iguanas
  6 worker ants
  Natasha (thrice) (D:4)
  Ijyb (D:3)
  A hound skeleton (D:9)
  Robin (D:3)
  A worker ant zombie (D:6)
  A gnoll (D:2)
  13 adders
  2 howler monkey skeletons
  5 river rats
  A shadow imp (D:7)
  12 white imps (Lair:1)
  12 oozes
  7 worms
  3 dart slugs
  14 giant geckos
  43 orcs
  13 bats
  5 bat skeletons (D:7)
  2 bat zombies (D:7)
  18 giant cockroaches
  6 goblins
  8 hobgoblins
  12 jackals
  8 kobolds
  5 quokkas
  11 ball pythons
  22 giant newts
  2 jackal skeletons
  A quokka zombie (D:9)
  24 rats
358 creatures vanquished.

Vanquished Creatures (others)
  An orc wizard (D:6)
1 creature vanquished.

Grand Total: 359 creatures vanquished

Notes
Turn   | Place    | Note
--------------------------------------------------------------
     0 | D:1      | Kloppie the Merfolk Berserker began the quest for the Orb.
     0 | D:1      | Reached XP level 1. HP: 18/18 MP: 1/1
    71 | D:1      | Reached XP level 2. HP: 20/25 MP: 2/2
   350 | D:1      | Reached skill level 5 in Polearms
   368 | D:1      | Reached ** piety under Trog
   404 | D:1      | Reached XP level 3. HP: 21/30 MP: 3/3
  1258 | D:2      | Reached XP level 4. HP: 35/37 MP: 4/4
  1391 | D:2      | Noticed Crazy Yiuf
  1398 | D:2      | Killed Crazy Yiuf
  1398 | D:2      | Reached skill level 6 in Polearms
  1823 | D:3      | Reached XP level 5. HP: 33/42 MP: 5/5
  1840 | D:3      | Noticed Robin
  1851 | D:3      | Killed Robin
  1959 | D:3      | Noticed Nukefarmer's ghost (amateur NaAs)
  1974 | D:3      | Killed Nukefarmer's ghost
  1974 | D:3      | Reached skill level 7 in Polearms
  1974 | D:3      | Reached XP level 6. HP: 48/48 MP: 6/6
  1984 | D:3      | Noticed Ijyb
  2025 | D:3      | Killed Ijyb
  2719 | D:4      | Reached skill level 8 in Polearms
  2988 | D:3      | Noticed Jessica
  2992 | D:3      | Killed Jessica
  2992 | D:3      | Reached *** piety under Trog
  2992 | D:3      | Reached XP level 7. HP: 46/53 MP: 7/7
  3111 | D:3      | Found a sacrificial altar of Ru.
  3191 | D:3      | Noticed Sigmund
  3198 | D:3      | Killed Sigmund
  3198 | D:3      | Reached skill level 9 in Polearms
  3208 | D:3      | Noticed Grinder
  3649 | D:3      | Killed Grinder
  3706 | D:4      | Reached XP level 8. HP: 58/60 MP: 8/8
  3768 | D:4      | Reached skill level 10 in Polearms
  3808 | D:4      | Noticed Natasha
  3817 | D:4      | Killed Natasha
  3824 | D:4      | Found an iron altar of Okawaru.
  3832 | D:4      | Noticed Natasha
  3836 | D:4      | Killed Natasha
  3861 | D:4      | Found Vigeinafov's General Store.
  3868 | D:4      | Bought a potion of heal wounds for 55 gold pieces
  4053 | D:4      | Noticed Natasha
  4065 | D:4      | Killed Natasha
  4202 | D:5      | Entered Level 5 of the Dungeon
  4267 | D:5      | Found Zemeopou's Distillery.
  4273 | D:5      | Bought a potion of degeneration for 15 gold pieces
  4310 | D:5      | Reached skill level 5 in Fighting
  4423 | D:5      | Noticed Blork the orc
  4427 | D:5      | Killed Blork the orc
  4589 | D:5      | Reached skill level 11 in Polearms
  4627 | D:5      | Found a shadowy altar of Dithmenos.
  4672 | D:5      | Noticed Pikel
  4713 | D:5      | Killed Pikel
  4713 | D:5      | Reached **** piety under Trog
  4713 | D:5      | Reached skill level 12 in Polearms
  4713 | D:5      | Reached XP level 9. HP: 61/72 MP: 9/9
  4917 | D:5      | Found a staircase to the Ecumenical Temple.
  5263 | D:6      | Noticed Prince Ribbit
  5309 | D:6      | Found an oddly glowing altar of Pakellas.
  5492 | D:6      | Found a glowing drain.
  5499 | Sewer    | Entered a sewer
  5596 | Sewer    | Reached skill level 13 in Polearms
  5635 | Sewer    | Reached ***** piety under Trog
  5893 | D:6      | Found a shattered altar of Ashenzari.
  5905 | D:6      | Killed Prince Ribbit
  5994 | D:6      | Noticed Edmund
  6001 | D:6      | Killed Edmund
  6071 | D:6      | Found a stormy altar of Qazlal.
  6105 | D:6      | Found an oddly glowing altar of Pakellas.
  6112 | D:6      | Reached skill level 5 in Dodging
  6281 | D:7      | Reached XP level 10. HP: 80/80 MP: 10/10
  6328 | D:7      | Reached skill level 14 in Polearms
  6467 | D:7      | Found an ancient bone altar of Kikubaaqudgha.
  6718 | D:7      | Found a white marble altar of Elyvilon.
  7172 | D:7      | Received a gift from Trog
  7763 | D:9      | Found Hiwidas's Antique Weapon Shop.
  7778 | D:9      | Bought a bloodstained spear for 216 gold pieces
  7778 | D:9      | Identified the +2 spear of Malaise {drain, Str+3} (You bought it in a shop on level 9 of the Dungeon)
  7834 | D:9      | Noticed Erolcha
  7846 | D:9      | Killed Erolcha
  7846 | D:9      | Reached skill level 15 in Polearms
  8692 | D:9      | Found a staircase to the Lair.
  8751 | D:9      | Found a roughly hewn altar of Beogh.
  8752 | D:9      | Found a staircase to the Orcish Mines.
  8802 | D:9      | Reached XP level 11. HP: 78/86 MP: 11/11
  8841 | D:9      | Found a shattered altar of Ashenzari.
  8847 | D:9      | Reached skill level 10 in Dodging
  8862 | D:9      | Found an opulent altar of Gozag.
  8901 | D:9      | Found Ubaofaba's Food Shoppe.
  8922 | D:9      | Reached skill level 16 in Polearms
  9049 | D:9      | Noticed a hill giant
  9057 | D:9      | Killed a hill giant
  9160 | D:9      | Found a sparkling altar of Nemelex Xobeh.
  9160 | D:9      | Found a blossoming altar of Fedhas.
  9295 | Lair:1   | Entered Level 1 of the Lair of Beasts
  9327 | Lair:1   | Found a frozen archway.
  9492 | IceCv    | Entered an ice cave
  9544 | IceCv    | Engulfed by a cloud of freezing vapour

Skill      XL: |  1  2  3  4  5  6  7  8  9 10 11 |
---------------+----------------------------------+-----
Polearms       | 5 6 7 8 9 12 13 15 16 | 16.5
Armour         | 2 3 4 |  4.6
Fighting       | 4 7 8 |  8.5
Dodging        | 5 9 10 | 10.7

Action                   |  1- 3 |  4- 6 |  7- 9 | 10-12 || total
-------------------------+-------+-------+-------+-------++-------
Melee: Spear             |   144 |   159 |       |       ||   303
       Trident           |       |    48 |   484 |   300 ||   832
       Tailslap          |       |       |    13 |       ||    13
       Glaive            |       |       |       |   176 ||   176
Invok: Berserk           |     1 |     6 |     5 |     6 ||    18
       Trog's Hand       |       |     3 |     3 |     2 ||     8
  Use: Scroll            |       |     1 |    19 |     7 ||    27
       Potion            |       |       |     1 |       ||     1
 Stab: Sleeping          |     2 |       |     1 |       ||     3
  Eat: Chunk             |     2 |    10 |     9 |    13 ||    34
       Meat ration       |       |     1 |     1 |     2 ||     4
Armor: Animal skin       |     2 |       |       |       ||     2
       Ring mail         |    10 |    47 |       |       ||    57
       Scale mail        |       |    15 |   150 |   134 ||   299
Dodge: Dodged            |    49 |   101 |   152 |   323 ||   625
